 Dungeon Sprint DCSS version 0.24.0-13-gcf9b319 (webtiles) character file.

Game seed: 1719876718074035532, levelgen mode: deterministic

18922 Fang the Warrior (level 12, -7/91 HPs)
             Began as a Gargoyle Berserker on Nov 18, 2019.
             Was the Champion of Trog.
             Killed from afar by a red draconian (15 damage)
             ... with a searing blast
             ... in the Dungeon (Sprint V: "Ziggurat Sprint").
             The game lasted 00:04:15 (1173 turns).

Fang the Warrior (Gargoyle Berserker)               Turns: 1173, Time: 00:04:16

Health: -7/91      AC: 47    Str: 30    XL:     12   Next: 63%
Magic:  12/12      EV:  6    Int:  7    God:    Trog [******]
Gold:   0          SH: 26    Dex:  9    Spells: 11/11 levels left

rFire    + . .     SeeInvis +   A - +5 broad axe (flame)
rCold    . . .     Gourm    .   E - +18 shield of the Gong {rElec rN+ MR+ EV-5}
rNeg     + + +     Faith    .   b - +15 Maxwell's patent armour {-Cast -Tele rElec MR+ rCorr}
rPois    ∞         Spirit   .   (no helmet)
rElec    +         Reflect  .   (no cloak)
rCorr    +         Harm     .   J - +0 pair of gloves "Jugu" {Regen+ SInv} (curse)
MR       ++++.     NoTele   +   g - +2 pair of boots {run} Stlth ..........NoCast +
                                (no amulet)
HPRegen  1.65/turn              z - ring of Shadows {Umbra +Inv Stlth+}
MPRegen  0.13/turn              o - ring "Teom" {rF+ rN+ Str+3 SInv}

@: berserk cooldown, regenerating, slowed, wreathed by umbra, very slow
A: negative energy resistance 1, electricity resistance, unbreathing,
petrification resistance, rot immunity, subdued magic 1, AC +8
a: Berserk, Trog's Hand, Brothers in Arms, Renounce Religion, Evoke Invisibility


You were in the Dungeon.
You worshipped Trog.
Trog was exalted by your worship.
You were very hungry.

You visited 1 branch

Inventory:

Hand Weapons
 a - a +5 broad axe of freezing
 A - a +5 broad axe of flaming (weapon)
 I - the +8 executioner's axe of the Moth {holy, rF+ rC+ MR- Dex+3}
   (You found it in the Dungeon)

   It has been blessed by the Shining One to cause great damage to the undead
   and demons.
   It affects your dexterity (+3).
   It protects you from fire.
   It protects you from cold.
   It affects your resistance to hostile enchantments.
Armour
 b - the +15 Maxwell's patent armour (worn) {-Cast -Tele rElec MR+ rCorr}
   (You found it in the Dungeon)

   It insulates you from electricity.
   It affects your resistance to hostile enchantments.
   It prevents spellcasting.
   It prevents most forms of teleportation.
   It provides partial protection from all sources of acid and corrosion.
 g - a +2 pair of boots of running (worn)
 E - the +18 shield of the Gong (worn) {rElec rN+ MR+ EV-5}
   (You found it in the Dungeon)

   It affects your evasion (-5).
   It insulates you from electricity.
   It protects you from negative energy.
   It affects your resistance to hostile enchantments.
 F - a +1 pair of boots of stealth
 G - the +1 pair of gloves of the Ant {rPois rF- Int+5}
   (You found it in the Dungeon)

   It affects your intelligence (+5).
   It makes you vulnerable to fire.
   It protects you from poison.
 J - the cursed +0 pair of gloves "Jugu" (worn) {Regen+ SInv}
   (You found it in the Dungeon)

   It lets you see invisible.
   It increases your rate of regeneration.
   It has a curse placed upon it.
Jewellery
 o - the ring "Teom" (right hand) {rF+ rN+ Str+3 SInv}
   (You found it in the Dungeon)

   [ring of see invisible]

   It affects your strength (+3).
   It protects you from fire.
   It protects you from negative energy.
   It lets you see invisible.
 y - the amulet of the Philosopher {Faith rPois rC+ Int+4}
   (You found it in the Dungeon)

   [amulet of faith]

   It allows you to gain divine favour quickly.
   It affects your intelligence (+4).
   It protects you from cold.
   It protects you from poison.
 z - the ring of Shadows (left hand) {Umbra +Inv Stlth+}
   (You found it in the Dungeon)

   [ring of stealth]

   It lets you turn invisible.
   It makes you more stealthy.
 B - the ring of the Crown {Wiz rC- Str+6}
   (You found it in the Dungeon)

   [ring of wizardry]

   It improves your spell success rate.
   It affects your strength (+6).
   It makes you vulnerable to cold.
 C - a +6 ring of strength
 D - a +6 ring of strength
 H - the ring of Exodui {rElec rPois rC- Slay+2 Stlth-}
   (You found it in the Dungeon)

   [ring of attention]

   It affects your accuracy and damage with ranged weapons and melee attacks
   (+2).
   It makes you vulnerable to cold.
   It insulates you from electricity.
   It protects you from poison.
   It makes you less stealthy.
Wands
 u - a wand of disintegration (7)
 v - a wand of iceblast (7)
 w - a wand of acid (7)
Scrolls
 i - 4 scrolls of blinking
 j - 7 scrolls of fog
 k - a scroll of holy word
 l - 5 scrolls of identify
 m - 5 scrolls of remove curse
 n - 2 scrolls of fear
 x - 4 scrolls of enchant armour
Potions
 d - 10 potions of curing
 e - 13 potions of heal wounds
 f - 10 potions of haste
 h - 3 potions of berserk rage
 p - 2 potions of invisibility
 q - 4 potions of resistance
 r - a potion of experience
 s - 5 potions of agility
 t - 5 potions of might
Comestibles
 c - 6 rations


   Skills:
 + Level 17.0 Fighting
 + Level 14.7 Axes
 + Level 16.9 Armour
 + Level 13.5 Dodging


You had 11 spell levels left.
You didn't know any spells.
Your spell library was empty.

Dungeon Overview and Level Annotations

Branches:
Dungeon (1/1)

Altars:
Ashenzari
Cheibriados
Dithmenos
Elyvilon
Fedhas
Gozag
Hepliaklqana
Kikubaaqudgha
Makhleb
Nemelex Xobeh
Okawaru
Qazlal
Ru
Sif Muna
Trog
Uskayaw
Vehumet
Wu Jian
Xom
Yredelemnul
Zin
The Shining One
Beogh
Jiyva
Lugonu

Annotations:
D 1 transporter


Innate Abilities, Weirdness & Mutations

You are resistant to torment.
Your stone body is resilient. (AC +8)
You are immune to poison.
You resist negative energy. (rN+)
You are resistant to electric shocks. (rElec)
You can survive without breathing.
You are immune to petrification.
You are immune to rotting.
Your spells are a little easier to cast, but a little less powerful.


Message History

You block the golden dragon's attack.
GONNNNG!
The golden dragon barely misses you.
The golden dragon tramples you but does no damage.
The red draconian hits you but does no damage.
The white draconian hits you but does no damage.
The black draconian hits you but does no damage.
The red draconian hits you but does no damage.
The purple draconian hits you but does no damage.
The green draconian hits you but does no damage.
The green draconian completely misses you.
The golden dragon bites you!
* * * LOW HITPOINT WARNING * * *
The golden dragon claws you but does no damage.
You block the golden dragon's attack.
SHROANNG!
The green draconian hits you but does no damage.
The red draconian breathes flames at you.
The searing blast hits you! You resist.
You die...

▓....))...▓ ▓...).....▓
▓▓▓▓▓▓▓▓▓▓▓▓▓.▓.....▓.▓
▓....8©8....▓....©....▓
▓..|).)[.)..▓▓▓▓▓▓▓▓▓▓▓
▓...}"=):...▓...8©8...▓
▓...........▓...).}[..▓
▓...dd.dd...▓...|.....▓
▓....d@D....▓.........▓
▓....)dd....▓.........▓
▓...☼.......▓.........▓
▓..▓.....▓..▓.........▓
▓...........▓.▓.|...▓.▓
▓.....©.....▓....©....▓
▓▓▓▓▓▓▓▓▓▓▓▓▓▓▓▓▓▓▓▓▓▓▓
▓...8©8...▓...8©8...▓..
▓...[)|::.▓...):)|..▓..


You could see a golden dragon, a black draconian, 2 draconians, a purple
draconian, 2 draconians and a white draconian.

Vanquished Creatures
  A greater mummy (D)
  A shadow dragon (D)
  A draconian knight (D)
  A ghoul (D)
  A green draconian (D)
  A purple draconian (D)
  A yellow draconian (D)
  A death scarab (D)
  3 soul eaters (D)
  5 ugly things (D)
  A shining eye (D)
  2 draconians (D)
  A naga mage (D)
  2 guardian mummies (D)
  A slime creature (D)
  A flying skull (D)
  2 neqoxecs (D)
  4 nagas (D)
  A hell hound (D)
  2 water moccasins (D)
  A floating eye (D)
  An orc warrior (D)
  A bullfrog (shapeshifter) (D)
  2 wights (D)
  A crimson imp (D)
  3 jellies (D)
  3 orc priests (D)
  2 orc wizards (D)
  2 iron imps (D)
  3 mummies (D)
  2 adders (D)
  An ufetubus (D)
  3 oozes (D)
  5 adder skeletons (D)
  2 adder zombies (D)
  3 orcs (D)
  4 bat skeletons (D)
  2 bat zombies (D)
  3 ball pythons (D)
  A ball python zombie (D)
  A giant cockroach zombie (D)
79 creatures vanquished.

Notes
Turn   | Place    | Note
-------+----------+-------------------------------------------
     0 | D        | Fang the Gargoyle Berserker began the quest for the Orb.
     0 | D        | Reached XP level 1. HP: 14/14 MP: 1/1
     1 | D        | Found a blossoming altar of Fedhas.
     2 | D        | Found the +6 Majin-Bo {vamp, Archmagi MP+6 Int+6}
     2 | D        | Found the +7 great mace "Firestarter" {inner flame, rF++}
     3 | D        | Found a viscous altar of Jiyva.
     3 | D        | Found a hazy altar of Hepliaklqana.
     3 | D        | Found a transporter.
     3 | D        | Found an opulent altar of Gozag.
     3 | D        | Found an ancient bone altar of Kikubaaqudgha.
     3 | D        | Found a corrupted altar of Lugonu.
    16 | D        | Found a burning altar of Makhleb.
    18 | D        | Found an iron altar of Okawaru.
    18 | D        | Found a stormy altar of Qazlal.
    18 | D        | Found a sparkling altar of Nemelex Xobeh.
    18 | D        | Found a sacrificial altar of Ru.
    18 | D        | Found a shimmering blue altar of Sif Muna.
    24 | D        | Found the +9 heavy crossbow "Sniper" {velocity, Acc+∞ SInv}
    24 | D        | Found the +10 dark maul {crush}
    24 | D        | Found the +15 Maxwell's patent armour {-Cast -Tele rElec
                  | MR+ rCorr}
    24 | D        | Found the +18 shield of the Gong {rElec rN+ MR+ EV-5}
    24 | D        | Found the cursed +14 obsidian axe {chop, +Fly SInv *Curse}
    31 | D        | Found a bloodstained altar of Trog.
    77 | D        | Entered arena 2.
    77 | D        | Noticed a draconian
    77 | D        | Noticed a draconian
    77 | D        | Found a transporter.
    99 | D        | Killed a draconian
    99 | D        | Reached skill level 8 in Fighting
    99 | D        | Reached skill level 5 in Dodging
    99 | D        | Reached XP level 2. HP: 11/25 MP: 2/2
    99 | D        | Reached XP level 3. HP: 13/29 MP: 3/3
    99 | D        | Reached XP level 4. HP: 16/35 MP: 4/4
    99 | D        | Reached XP level 5. HP: 18/39 MP: 5/5
    99 | D        | Reached XP level 6. HP: 20/44 MP: 6/6
   112 | D        | Killed a draconian
   112 | D        | Reached skill level 9 in Fighting
   112 | D        | Reached XP level 7. HP: 27/51 MP: 7/7
   225 | D        | Identified a +2 pair of boots of running (You found it in
                  | the Dungeon)
   252 | D        | Entered arena 3.
   252 | D        | Noticed a green ugly thing
   252 | D        | Noticed a white ugly thing
   252 | D        | Found a transporter.
   256 | D        | Reached ** piety under Trog
   264 | D        | Killed a green ugly thing
   264 | D        | Reached skill level 10 in Fighting
   264 | D        | Reached skill level 10 in Armour
   264 | D        | Reached XP level 8. HP: 58/58 MP: 8/8
   278 | D        | Killed a white ugly thing
   278 | D        | Reached skill level 11 in Fighting
   304 | D        | Got the ring "Teom" {rF+ rN+ Str+3 SInv}
   329 | D        | Entered arena 4.
   329 | D        | Noticed a slime creature
   329 | D        | Found a transporter.
   334 | D        | Reached *** piety under Trog
   336 | D        | Killed a slime creature
   336 | D        | Reached XP level 9. HP: 50/64 MP: 9/9
   410 | D        | Entered arena 5.
   410 | D        | Found a transporter.
   412 | D        | Paralysed by a floating eye for 4 turns
   417 | D        | Reached **** piety under Trog
   423 | D        | Got the amulet of the Philosopher {Faith rPois rC+ Int+4}
   426 | D        | Entered arena 6.
   426 | D        | Found a transporter.
   429 | D        | Reached ***** piety under Trog
   434 | D        | Received a gift from Trog
   437 | D        | Reached skill level 10 in Axes
   460 | D        | Entered arena 7.
   460 | D        | Noticed a white ugly thing
   460 | D        | Noticed a white ugly thing
   460 | D        | Noticed a shining eye
   460 | D        | Noticed a brown ugly thing
   461 | D        | Found a transporter.
   465 | D        | Killed a white ugly thing
   465 | D        | Reached skill level 12 in Fighting
   467 | D        | Killed a white ugly thing
   472 | D        | Killed a white ugly thing
   472 | D        | Reached XP level 10. HP: 72/72 MP: 10/10
   472 | D        | Gained mutation: Your spells are a little easier to cast,
                  | but a little less powerful. [a shining eye]
   473 | D        | Killed a shining eye
   473 | D        | Reached skill level 10 in Dodging
   473 | D        | Reached skill level 13 in Fighting
   509 | D        | Entered arena 8.
   510 | D        | Found the ring of Shadows {Umbra +Inv Stlth+}
   510 | D        | Found a transporter.
   513 | D        | Reached ****** piety under Trog
   529 | D        | Entered arena 9.
   529 | D        | Noticed a naga mage
   530 | D        | Found a transporter.
   538 | D        | Received a gift from Trog
   547 | D        | Killed a naga mage
   564 | D        | Got the ring of the Crown {Wiz rC- Str+6}
   582 | D        | Entered arena 10.
   586 | D        | Received a gift from Trog
   598 | D        | Found a transporter.
   610 | D        | Got the +1 pair of gloves of the Ant {rPois rF- Int+5}
   616 | D        | Entered arena 11.
   617 | D        | Found a transporter.
   619 | D        | Received a gift from Trog
   624 | D        | Received a gift from Trog
   682 | D        | Got the +8 executioner's axe of the Moth {holy, rF+ rC+ MR-
                  | Dex+3}
   910 | D        | Entered arena 12.
   910 | D        | Noticed a shadow dragon
   910 | D        | Noticed a soul eater
   910 | D        | Noticed a soul eater
   911 | D        | Noticed a soul eater
   911 | D        | Noticed a ghoul
   930 | D        | Killed a soul eater
   930 | D        | Received a gift from Trog
   930 | D        | Killed a soul eater
   930 | D        | Reached skill level 14 in Fighting
   931 | D        | Killed a soul eater
   931 | D        | Reached XP level 11. HP: 80/80 MP: 11/11
   934 | D        | Killed a ghoul
   934 | D        | Received a gift from Trog
   943 | D        | Killed a shadow dragon
   943 | D        | Reached skill level 15 in Fighting
   944 | D        | Found a transporter.
   965 | D        | Got the cursed +0 pair of gloves "Jugu" {Regen+ SInv}
  1002 | D        | Entered arena 13.
  1002 | D        | Noticed a death scarab
  1003 | D        | Noticed a greater mummy
  1013 | D        | Noticed an emperor scorpion
  1013 | D        | Noticed an emperor scorpion
  1013 | D        | Noticed an emperor scorpion
  1014 | D        | Reached skill level 15 in Armour
  1015 | D        | Noticed a death scarab
  1016 | D        | Received a gift from Trog
  1017 | D        | Noticed an emperor scorpion
  1017 | D        | Noticed an emperor scorpion
  1017 | D        | Noticed an emperor scorpion
  1017 | D        | Noticed an emperor scorpion
  1021 | D        | Killed a greater mummy
  1021 | D        | Reached skill level 16 in Fighting
  1021 | D        | Reached XP level 12. HP: 45/88 MP: 12/12
  1021 | D        | Noticed a soul eater
  1025 | D        | Found a transporter.
  1035 | D        | Killed a death scarab
  1125 | D        | Got the ring of Exodui {rElec rPois rC- Slay+2 Stlth-}
  1144 | D        | Entered arena 14.
  1145 | D        | Noticed a purple draconian
  1145 | D        | Noticed a purple draconian
  1145 | D        | Noticed a green draconian
  1145 | D        | Noticed a yellow draconian
  1145 | D        | Noticed a golden dragon
  1145 | D        | Noticed a green draconian
  1146 | D        | Noticed a black draconian knight
  1146 | D        | Noticed a black draconian
  1146 | D        | Noticed a white draconian
  1146 | D        | Noticed a green draconian
  1146 | D        | Noticed a red draconian
  1146 | D        | Noticed a red draconian
  1147 | D        | Found a transporter.
  1158 | D        | Killed a yellow draconian
  1158 | D        | Received a gift from Trog
  1162 | D        | Killed a black draconian knight
  1162 | D        | Killed a green draconian
  1168 | D        | Killed a purple draconian
  1168 | D        | Reached skill level 17 in Fighting
  1171 | D        | HP: 2/91 [golden dragon (4)]
  1173 | D        | Killed from afar by a red draconian

Levels and vault maps discovered:
D:        sprint_v [room_start, room_1, room_2, room_3, room_4, room_5, room_6,
          room_7, room_8, room_9, room_10, room_11, room_12, room_13, room_14,
          room_15, room_16, room_17, room_18, room_19, room_20, room_21,
          room_22, room_23, room_24, room_25, room_26, room_27]

Skill      XL: |  1  2  3  4  5  6  7  8  9 10 11 12 |
---------------+-------------------------------------+-----
Fighting       | 8 9 10 11 12 14 16 17 | 17.0
Axes           | 6 8 9 10 12 13 14 | 14.7
Armour         | 7 9 10 11 12 14 16 | 16.9
Dodging        | 5 7 8 9 11 12 13 | 13.5

Action                   |  1- 3 |  4- 6 |  7- 9 | 10-12 || total
-------------------------+-------+-------+-------+-------++-------
Melee: Broad axe         |    21 |    12 |    52 |   134 ||   219
Invok: Berserk           |     1 |       |     2 |     4 ||     7
       Trog's Hand       |       |       |       |     2 ||     2
  Use: Scroll            |       |       |       |     1 ||     1
       Potion            |       |       |       |     1 ||     1
  Eat: Chunk             |       |       |       |     4 ||     4
       Ration            |       |       |       |     1 ||     1
Armor: Plate armour      |    18 |     4 |    24 |   202 ||   248
Dodge: Dodged            |       |       |     8 |    49 ||    57
Block: Shield            |    44 |    18 |    71 |   288 ||   421
